 Dungeon Crawl Stone Soup version 0.13.0-59-g13bd910 (webtiles) character file.

43 Chiseanne the Ruinous (level 2, -1/15 HPs)
             Began as a Kobold Conjurer on Nov 21, 2013.
             Slain by Ijyb
             ... wielding a +0,+0 dagger
              (2 damage)
             ... on Level 2 of the Dungeon.
             The game lasted 00:03:29 (990 turns).

Chiseanne the Ruinous (Kobold Conjurer)              Turns: 990, Time: 00:03:29

HP  -1/15        AC  2     Str  7      XL: 2   Next: 45%
MP   2/4         EV 15     Int 13      God:
Gold 31          SH  0     Dex 15      Spells:  2 memorised,  0 levels left

Res.Fire  : . . .   See Invis. : .   e - +1,+0 dwarf dagger
Res.Cold  : . . .   Warding    : .   a - +0 robe
Life Prot.: . . .   Conserve   : .   (no shield)
Res.Poison: .       Res.Corr.  : .   (helmet restricted)
Res.Elec. : .       Clarity    : .   (no cloak)
Sust.Abil.: . .     Spirit.Shd : .   (no gloves)
Res.Mut.  : .       Stasis     : .   (no boots)
Res.Rott. : .       Flight     : .   (no amulet)
Saprovore : + + .                    (no ring)
                                     (no ring)

@: invisible, very slightly contaminated, slow, not resistant to hostile
enchantments, stealthy
A: disease resistance, claws 1, horns 1, carnivore 3, saprovore 2, slowness 1
a: no special abilities


You were on level 2 of the Dungeon.
You were not hungry.

You visited 1 branch of the dungeon, and saw 2 of its levels.

You collected 11 gold pieces.

Inventory:

Hand weapons
 d - a +0,+0 club (quivered)
 e - a +1,+0 dwarven dagger (weapon)
Armour
 a - a +0 robe (worn)
Comestibles
 b - 2 meat rations
Potions
 n - 2 potions of brilliance
Books
 c - a book of Conjurations

   Spells                             Type                      Level
   *Magic Dart                        Conjuration                  1
   *Searing Ray                       Conjuration                  2
   Dazzling Spray                     Conjuration/Hexes            3
   Iskenderun's Mystic Blast          Conjuration                  4
   Iskenderun's Battlesphere          Conjuration/Charms           4
   Fulminant Prism                    Conjuration/Hexes            5


   Skills:
 - Level 2.4 Dodging
 - Level 2.6 Stealth
 * Level 1.1 Spellcasting
 * Level 4.0 Conjurations


You couldn't memorise any spells.
You knew the following spells:

 Your Spells              Type           Power        Failure   Level  Hunger
a - Magic Dart            Conj           ##..         8%          1    ##.....
b - Searing Ray           Conj           ##....       10%         2    ###....


Dungeon Overview and Level Annotations

Branches:
Dungeon (2/27)

Altars:

Annotations:
D:2 Ijyb


Innate Abilities, Weirdness & Mutations

You recuperate from illness quickly.
You are small and have problems with some larger weapons.
You are carnivorous and can eat meat at any time.
You can eat rotten meat.
You have sharp fingernails.
You have a pair of small horns on your head.
You cover ground slowly.


Message History

Ijyb barely misses you.
You hit Ijyb but do no damage.
Ijyb is moderately wounded.
Ijyb misses you.
You hit Ijyb but do no damage. Your headbutt misses Ijyb.
Ijyb is moderately wounded.
Ijyb hits you with a dagger.
You closely miss Ijyb.
Ijyb is moderately wounded.
Ijyb closely misses you.
You hit Ijyb but do no damage.
Ijyb is moderately wounded.
Ijyb hits you with a dagger.
* * * LOW HITPOINT WARNING * * *
You miss Ijyb.
Ijyb is moderately wounded.
Ijyb shouts!
An adder comes into view.
Ijyb hits you with a dagger.
You die...

#.....###...#...#
#..)............#
#....####.#.###.#
#....# #.#.###
###### #.....#
####.#..##
#....#..#
#....#..##.
#######.@........
#.......g.......S
#.#####....#.###.
#....#.# #....#..
#....# # ####...
... ...


You could see Ijyb and an adder (sleeping).

Vanquished Creatures
  5 hobgoblins (D:1)
  2 kobolds (D:1)
  2 bats (D:1)
  A goblin (D:1)
  A rat (D:2)
11 creatures vanquished.

Notes
Turn   | Place    | Note
--------------------------------------------------------------
     0 | D:1      | Chiseanne, the Kobold Conjurer, began the quest for the Orb.
     0 | D:1      | Reached XP level 1. HP: 10/10 MP: 3/3
   424 | D:1      | Reached XP level 2. HP: 13/15 MP: 0/4
   468 | D:1      | Learned a level 2 spell: Searing Ray
   516 | D:1      | Reached skill level 4 in Conjurations
   966 | D:2      | Noticed Ijyb
   979 | D:2      | Gained mutation: You cover ground slowly. [potion of mutation]
   979 | D:2      | Gained mutation: You have sharp fingernails. [potion of mutation]
   979 | D:2      | Gained mutation: You have a pair of small horns on your head. [potion of mutation]
   990 | D:2      | Slain by Ijyb

Action                   || total
-------------------------++-------
Melee: Unarmed           ||    10
       Dagger            ||    18
 Cast: Magic Dart        ||    28
  Use: Scroll            ||     6
       Potion            ||     2
 Stab: Invisible         ||     2
       Sleeping          ||     1
